 Dungeon Crawl Stone Soup version 0.29.1-2-gbd0b4ee654 (webtiles) character file.

Game seed: 2204367663038310520

48 DildoBatman the Conjurer (level 4, 0/30 HPs)
             Began as a Formicid Conjurer on Nov 5, 2022.
             Succumbed to a scorpion's poison
             ... on level 4 of the Dungeon.
             The game lasted 00:03:16 (1242 turns).

DildoBatman the Conjurer (Formicid Conjurer)        Turns: 1242, Time: 00:03:16

Health: 0/30       AC:  2    Str: 12    XL:     4   Next: 0%
Magic:  7/7        EV: 12    Int: 17    God:
Gold:   72         SH:  0    Dex: 14    Spells: 4/7 levels left

rFire   . . .      SeeInvis +   e - +0 long sword
rCold   . . .      Faith    .   (no shield)
rNeg    . . .      Spirit   .   a - +0 robe
rPois   .          Reflect  .   (helmet unavailable)
rElec   .          Harm     .   (no cloak)
rCorr   .          Rampage  .   (no gloves)
Will    .....                   (no boots)
Stlth   ++........              (no amulet)
HPRegen 0.10/turn               (no ring)
MPRegen 0.10/turn               (no ring)

@: lethally poisoned (0 -> -24)
A: permanent stasis, dig shafts and tunnels, antennae 3, four strong arms
a: Dig, Shaft Self


You were on level 4 of the Dungeon.
You visited 1 branch of the dungeon, and saw 4 of its levels.

You collected 72 gold pieces.

Inventory:

Hand Weapons
 e - a +0 long sword (weapon)
Missiles
 d - 17 stones
Armour
 a - a +0 robe (worn)
Scrolls
 f - 2 scrolls of butterflies {unknown}
 g - 2 scrolls of identify {unknown}
 h - 2 scrolls of enchant weapon {unknown}
 i - a scroll of amnesia {unknown}
 k - a scroll of summoning {unknown}
Potions
 b - a potion of magic
 c - a potion of mutation {unknown}
 j - a potion of haste {unknown}


   Skills:
 - Level 1.7 Dodging
 - Level 2.4 Stealth
 - Level 2.1 Spellcasting
 * Level 4.8 Conjurations


You had 4 spell levels left.
You knew the following spells:

 Your Spells              Type           Power      Damage    Failure   Level
a - Searing Ray           Conj           36%        2d5       4%          2
c - Magic Dart            Conj           72%        1d6       2%          1

Your spell library contained the following spells:

 Spells                   Type           Power      Damage    Failure   Level
 Necrotise                Necr           4%         1d4       19%         1
 Dazzling Flash           Conj/Hex       20%        N/A       22%         3
 Lesser Beckoning         Tloc           1%         N/A       50%         3
 Vampiric Draining        Necr           1%         2d6       50%         3
 Fulminant Prism          Conj/Hex       5%         3d7       56%         4
 Iskenderun's Mystic Bla  Conj/Tloc      10%        2d4       56%         4
 Agony                    Necr           1%         N/A       99%         5
 Manifold Assault         Tloc           1%         N/A       99%         5
 Blink                    Tloc           Unusable   N/A       N/A         2

Dungeon Overview and Level Annotations

Branches:
Dungeon (3/15)

Altars:


Innate Abilities, Weirdness & Mutations

You cannot be hasted, slowed, berserked, paralysed or teleported.
You can dig through walls and to a lower floor.
You have a pair of large antennae on your head. (SInv)
Your four strong arms can wield two-handed weapons with a shield.


Message History

The scorpion closely misses you. The scorpion stings you.
A dart slug comes into view.
What are your orders? t - Shout!
Orders for allies: a - Attack new target. r - Retreat! s - Stop attacking. g - Guard the area. f - Follow me.
Anything else - Cancel.
You shout for attention!
The scorpion stings you. What are your orders? t - Shout!
Orders for allies: a - Attack new target. r - Retreat! s - Stop attacking. g - Guard the area. f - Follow me.
Anything else - Cancel.
You shout for attention!
The scorpion stings you!
You are poisoned.
The scorpion poisons you! What are your orders? t - Shout!
Orders for allies: a - Attack new target. r - Retreat! s - Stop attacking. g - Guard the area. f - Follow me.
Anything else - Cancel.
You shout for attention!
You feel very sick. The scorpion stings you.
You are more poisoned.
The scorpion poisons you! What are your orders? t - Shout!
Orders for allies: a - Attack new target. r - Retreat! s - Stop attacking. g - Guard the area. f - Follow me.
Anything else - Cancel.
You shout for attention!
You die...

.## ... .w.
#.# #.# #.#
#s# #@#
#..........
#.#..#.###.
#.#..# # #
#... ##...
.#. ....


You could see a scorpion and a dart slug.

Vanquished Creatures
  An adder skeleton (D:2)
  An adder zombie (D:2)
  2 dart slugs
  3 bats
  A bat skeleton (D:2)
  3 endoplasms
  2 giant cockroaches
  2 goblins
  4 hobgoblins
  6 kobolds
  A quokka (D:1)
  A ball python (D:1)
  A ball python skeleton (D:2)
  A ball python zombie (D:2)
  5 frilled lizards
  A giant cockroach zombie (D:2)
  A quokka zombie (D:2)
  2 rats
38 creatures vanquished.

Vanquished Creatures (others)
  3 withered plants (D:2)
3 creatures vanquished.

Grand Total: 41 creatures vanquished

Notes
Turn   | Place    | Note
-------+----------+-------------------------------------------
     0 | D:1      | DildoBatman the Formicid Conjurer began the quest for the
                  | Orb.
     0 | D:1      | Reached XP level 1. HP: 13/13 MP: 3/3
   181 | D:1      | Reached XP level 2. HP: 19/19 MP: 3/5
   184 | D:1      | Learned a level 2 spell: Searing Ray
   209 | D:1      | Reached skill level 4 in Conjurations
   308 | D:1      | Found a faded altar of an unknown god.
   420 | D:1      | Reached XP level 3. HP: 24/24 MP: 1/6
  1186 | D:2      | Reached XP level 4. HP: 29/30 MP: 4/7
  1188 | D:2      | You fall into a shaft and drop 1 floor!
  1228 | D:3      | You fall into a shaft and drop 1 floor!
  1230 | D:4      | Noticed a scorpion
  1242 | D:4      | Succumbed to a scorpion's poison

Illustrated notes

Levels and vault maps discovered:
D:1:      heliophobic_arrival_ceremonial_halls, layout_rooms,
          ebering_ecumenical_altar_sacrificial, nicolae_titane
D:2:      layout_loops_ring, serial_undead, serial_undead_b, serial_undead_a,
          serial_undead_b, serial_undead_e, serial_undead_c, serial_undead_d
D:3:      kennysheep_six_static_rooms, layout_rooms, okawaru_metal_pillars_1_2,
          serial_park_tiny_1, chequers_serial_rivers_small_a
D:4:      layout_loops_cross, zin_treasury, minmay_temple_entry_butterflies

Skill      XL: |  1  2 |
---------------+-------+-----
Conjurations   | 4 |  4.8
Dodging        | |  1.7
Stealth        | |  2.4
Spellcasting   | |  2.1

Action                   |  1- 3 |  4- 6 || total
-------------------------+-------+-------++-------
Melee: Unarmed           |     3 |       ||     3
       Dagger            |     3 |       ||     3
       Long sword        |    13 |       ||    13
 Cast: Magic Dart        |    43 |       ||    43
       Searing Ray       |     4 |       ||     4
 Abil: Shaft Self        |       |     2 ||     2
 Stab: Sleeping          |     4 |       ||     4
Armor: Robe              |     7 |       ||     7
Dodge: Dodged            |    16 |     3 ||    19
